TKirby, chaotic male elven Wizard --- --- ------.-- |.--- n --....(..| --...| |........| |.... --.......| ---..- |......G| |.)..| --......| ---.--.| |....|(| |...||.| --...|.| ---)---|[| ----|.| |...| |.| G |.| |.--- |^| |.| --.-- |.| |.| |...| |.| |.| --II-- |G-- ---.-- |..+| |..----- |....-----.--- |<.....| ----..........| |.---- - --.......----..| |.--- |...^----- |..| |...| |...-- |..| --..| ----- ---- ---- TKirby the Thaumaturge Experience level: 7 Strength: 12 Dexterity: 15 Constitution: 16 Intelligence: 17 Wisdom: 13 Charisma: 9 Health: 0(43) Energy: 99(99) Def: 3 Gold: 515 Moves: 5938 Dungeon seed: UATh7qiEhnTXUnOJ Game ID: TKirby_1507225177 Your Inventory: Coins $ - 515 gold pieces Amulets o - a blessed amulet of life saving Weapons H - a blessed +1 dagger (weapon in hand) Armor e - an uncursed +0 cloak of magic resistance (being worn) y - an uncursed +0 leather armor (being worn) Scrolls i - an uncursed scroll of enchant weapon q - an uncursed scroll of amnesia B - 4 uncursed scrolls of blank paper E - an uncursed scroll of teleportation I - an uncursed scroll of enchant armor P - 4 blessed scrolls of identify Q - 2 uncursed scrolls of enchant weapon R - 3 blessed scrolls of enchant weapon U - a cursed scroll of enchant weapon Spellbooks l - a blessed spellbook of force bolt p - an uncursed spellbook of magic missile Potions g - an uncursed potion of speed h - 4 potions of holy water t - an uncursed potion of confusion u - a cursed potion of invisibility v - a cursed potion of gain ability w - a blessed potion of see invisible x - an uncursed potion of levitation A - a blessed potion of restore ability D - an uncursed potion of gain ability J - a cursed potion of speed K - an uncursed potion of object detection Rings c - an uncursed ring of polymorph control d - an uncursed +3 ring of increase accuracy Wands b - a wand of cancellation (0:8) Tools n - an uncursed bell Gems r - an uncursed worthless piece of blue glass z - 3 uncursed worthless pieces of white glass F - an uncursed worthless piece of orange glass N - 2 uncursed worthless pieces of red glass Y - an uncursed worthless piece of yellowish brown glass Spells and supernatural/magical abilities: Name Level Category Fail Memory a - force bolt 1 attack 0% 71% h - healing 1 healing 0% 88% m - magic missile 2 attack 0% 96% H - haste self 3 escape 85% 71% W - pray for help -- divine ? -- Your skills at the end: Fighting Skills Weapon Skills dagger [Skilled] quarterstaff [Basic] Spellcasting Skills attack spells [Skilled] enchantment spells [Basic] Final Attributes: You were piously aligned. You were sleep resistant. You were magic-protected. You were blinded. You were telepathic. You had infravision. You were unlucky. Anhur was angry with you. You are dead. Vanquished creatures: 2 small mimics a gnome mummy a wood nymph 4 Uruk-hai 2 orc shamans a rock mole a fog cloud 2 yellow lights a violet fungus 2 gnome lords a gray ooze 2 straw golems a paper golem a giant ant a little dog 3 floating eyes 3 kittens 3 dwarves 4 kobold lords 2 hill orcs 2 giant bats a monkey a wererat 2 iguanas 2 acid blobs 3 coyotes 3 gas spores 3 hobbits 7 manes a hobgoblin 4 giant rats 4 cave spiders 2 brown molds 2 green molds 6 gnomes 3 garter snakes 3 geckos 4 jackals 2 foxes 2 goblins 2 grid bugs 5 lichens 2 kobold zombies 7 newts 111 creatures vanquished. Voluntary challenges: You had followed a strict vegetarian diet until turn 2148. You used a wielded weapon 144 times, starting on turn 94. You read items or engraved 17 times, starting on turn 3437. You never genocided any monsters. You never polymorphed an object. You never changed form. You used no wishes. You never split a pudding. You never wrote Elbereth's name. You never violated your personal moral code. Dungeon overview: The Dungeons of Doom: levels 1 to 7 Level 1 a long staircase Level 2 stairs to The Gnomish Mines Level 3 a general store Level 4 a scroll shop, some altars to Anhur Level 5 an altar to Thoth, some fountains Level 6 a fountain Level 7 some altars to Ptah The Gnomish Mines: Level 3 <- You were here stairs to The Dungeons of Doom History has recorded: On T:1 you entered the Dungeons of Doom to retrieve the Amulet of Yendor! On T:276 you advanced to experience level 2. On T:690 you reached level 2 of The Dungeons of Doom. On T:806 you reached level 5 of The Dungeons of Doom. On T:847 you advanced to experience level 3. On T:1043 you advanced to experience level 4. On T:1473 you reached level 6 of The Dungeons of Doom. On T:1678 you advanced to experience level 5. On T:1991 you reached level 7 of The Dungeons of Doom. On T:2693 you reached level 4 of The Dungeons of Doom. On T:3178 you advanced to experience level 6. On T:4480 you advanced to experience level 7. On T:4633 you reached level 3 of The Dungeons of Doom. On T:5700 you reached level 1 of The Gnomish Mines. Score breakdown: Gold: 515 ( 9227 points) Experience: 7 levels (13645 points) Exploration: 7 levels ( 13.73%) (10392 points) Discoveries: 23 items ( 8.30%) ( 8644 points) Valuables value: (no points given unless you survive) Artifact value: 0 ( 0 points) Variety of kills: 44 monsters ( 11.55%) (10194 points) Turncount: 5938 turns (-1608 points) Survival: died (score multiplied by 80%) Total score: 40395 Latest messages: A cloud of darkness falls upon you. You can move again. You try to feel what is lying here on the floor. There are several objects here. You faint from lack of food. You come to. You faint from lack of food. You come to. You drop a dull spellbook. Your movements are now unencumbered. You begin praying to Anhur. You feel that Anhur is displeased. You faint from lack of food. It bites! (14x) You come to. You try to feel what is lying here on the floor. You feel here a dull spellbook. You faint from lack of food. It bites! (3x) You die... Final status: Goodbye TKirby the Wizard, killed by a giant ant, while fainted from lack of food... You died in The Gnomish Mines on dungeon level 3 with 40395 points, and 515 pieces of gold, after 5938 moves. You were level 7 with a maximum of 43 hit points when you died.